 Dungeon Crawl Stone Soup version 0.29.0 (webtiles) character file.

Game seed: 15333278584393050092

3999 bonscott the Thaumaturge (level 10, 0/50 (56) HPs)
             Began as a Deep Elf Necromancer on Sept 10, 2022.
             Was an Initiate of Gozag.
             Slain by a wight
             ... wielding a +3 long sword
              (9 damage)
             ... on level 8 of the Dungeon.
             The game lasted 00:57:40 (9523 turns).

bonscott the Thaumaturge (Deep Elf Necromancer)     Turns: 9523, Time: 00:57:41

HP:   0/50 (56)     AC: 12    Str:  7    XL:     10   Next: 3%
MP:   26/26         EV: 13    Int: 25    God:    Gozag
Gold: 692           SH:  0    Dex: 27    Spells: 21/30 levels left

rFire   . . .      SeeInvis .   b - +5 glaive "Bybloam" {vamp, rC+ Str+2 Dex+6}
rCold   + . .      Faith    .   (shield currently unavailable)
rNeg    . . .      Spirit   .   i - +0 leather armour
rPois   .          Reflect  .   h - +0 helmet
rElec   .          Harm     .   A - +0 cloak
rCorr   .          Rampage  +   v - +0 pair of gloves
Will    +....                   l - +0 pair of boots {rampage}
Stlth   +++.......              (no amulet)
HPRegen 0.16/turn               S - +4 ring of protection
MPRegen 0.20/turn               Y - +6 ring of dexterity

@: heavily drained
A: no striking features
a: Renounce Religion, Potion Petition, Call Merchant, Bribe Branch


You were on level 8 of the Dungeon.
You worshipped Gozag.
Gozag was pleased with you.
You visited 2 branches of the dungeon, and saw 9 of its levels.
You also visited: Sewer.

You collected 759 gold pieces.
You paid 67 gold pieces to Gozag.

Inventory:

Hand Weapons
 a - a +0 sling
 b - the +5 glaive "Bybloam" (weapon) {vamp, rC+ Str+2 Dex+6}
   (You found it on level 3 of the Dungeon)

   It occasionally heals its wielder for a portion of the damage dealt when it
   wounds a living foe.
   Str:       It affects your strength (+2).
   Dex:       It affects your dexterity (+6).
   rC:        It protects you from cold.
 g - a +2 short sword of freezing
 p - a +1 dagger of venom
 w - the +2 dagger of the Unspeakable One {vamp, rElec}
   (You found it on level 3 of the Dungeon)

   It occasionally heals its wielder for a portion of the damage dealt when it
   wounds a living foe.
   rElec:     It insulates you from electricity.
 x - a +1 vampiric trident
 C - a +1 flail of holy wrath
 M - a +0 whip of freezing
Missiles
 d - 56 poisoned darts
 E - a curare-tipped dart
 J - 6 boomerangs of dispersal
 L - a boomerang
 V - 5 atropa-tipped darts
Armour
 h - a +0 helmet (worn)
 i - a +0 leather armour (worn)
 l - a +0 pair of boots of rampaging (worn)
 r - a +0 ring mail
 v - a +0 pair of gloves (worn)
 A - a +0 cloak (worn)
 Z - an orb of guile
Jewellery
 j - a +4 ring of evasion
 O - a +4 ring of protection
 Q - a ring of see invisible
 S - a +4 ring of protection (left hand)
 W - a ring of protection from fire
 Y - a +6 ring of dexterity (right hand)
Wands
 R - a wand of mindburst (10)
 T - a wand of digging (4)
 U - a wand of roots (14)
Scrolls
 c - a scroll of enchant armour {unknown}
 f - 2 scrolls of immolation {unknown}
 k - 6 scrolls of teleportation
 n - 4 scrolls of fog
 q - a scroll of torment {unknown}
 y - a scroll of blinking
 z - a scroll of amnesia {unknown}
 D - a scroll of brand weapon {unknown}
 G - 2 scrolls of magic mapping
 I - a scroll of fear {unknown}
 K - 2 scrolls of vulnerability
 P - a scroll of enchant weapon {unknown}
Potions
 e - 7 potions of curing
 m - a potion of cancellation
 o - a potion of brilliance
 s - 6 potions of heal wounds
 t - a potion of attraction {unknown}
 u - 2 potions of magic
 B - 2 potions of lignification
 F - a potion of invisibility {unknown}
 H - 2 potions of might
 N - a potion of flight {unknown}
 X - a potion of mutation {unknown}


   Skills:
 - Level 3.0 Fighting
 - Level 6.1 Ranged Weapons
 + Level 4.7 Armour
 - Level 2.4 Dodging
 - Level 2.4 Stealth
 + Level 10.8 Spellcasting
 * Level 1.7 Conjurations
 + Level 2.6 Summonings
 - Level 10.0 Necromancy
 - Level 2.1 Translocations
 * Level 1.7 Earth Magic


You had 21 spell levels left.
You knew the following spells:

 Your Spells              Type           Power      Damage    Failure   Level
i - Necrotise             Necr           100%       1d9       1%          1
m - Vampiric Draining     Necr           59%        2d10      1%          3
y - Agony                 Necr           59%        N/A       3%          5

Your spell library contained the following spells:

 Spells                   Type           Power      Damage    Failure   Level
 Poisonous Vapours        Pois/Air       26%        N/A       10%         2
 Stone Arrow              Conj/Erth      44%        3d9       10%         3
 Animate Armour           Summ/Erth      48%        N/A       26%         4
 Malign Gateway           Summ/Tloc      12%        N/A       100%        7
 Lehudib's Crystal Spear  Conj/Erth      11%        10d4      100%        8
 Summon Horrible Things   Summ           13%        N/A       100%        8
 Animate Dead             Necr           Unusable   N/A       N/A         4
 Corpse Rot               Necr/Pois/Air  Unusable   N/A       N/A         4

Dungeon Overview and Level Annotations

Branches:
Dungeon (8/15)             Temple (1/1) D:5           Sewer (visited)
   Lair: D:8-11

Altars:
Ashenzari
Cheibriados
Dithmenos
Elyvilon
Fedhas
Gozag
Hepliaklqana
Kikubaaqudgha
Makhleb
Nemelex Xobeh
Okawaru
Qazlal
Ru
Sif Muna
Trog
Uskayaw
Vehumet
Wu Jian
Xom
Zin
The Shining One
Jiyva

Shops:
D:3 [   D:4 (*

Portals:
Abyss: D:6

Annotations:
D:4 Eustachio, Grinder
D:6 2 transporters, comradetweed's ghost, novice GrFi


Message History

You hit the wight.
You destroy the wight!
No target in view!
A wight comes into view. It is wielding a +3 long sword.
Things that are here:
5 gold pieces; a +0 flail; a +0 robe You reach to attack!
The helpless wight fails to defend itself.
You hit the wight but do no damage. The wight hits you but does no damage.
You slash the wight!
The wight is heavily damaged.
The wight hits you but does no damage.
The wight hits you with a +3 long sword.
You hit the wight but do no damage.
The wight is heavily damaged.
The wight hits you with a +3 long sword.
You hit the wight but do no damage.
The wight is heavily damaged.
The wight barely misses you. The wight completely misses you.
You hit the wight but do no damage.
The wight is heavily damaged.
The wight closely misses you.
The wight hits you with a +3 long sword!
You feel drained.
You are too injured to fight recklessly!
You are too injured to fight recklessly!
You are too injured to fight recklessly!
You are too injured to fight recklessly!
You completely miss the wight.
The wight is heavily damaged.
The wight hits you with a +3 long sword!
You feel drained.
* * * LOW HITPOINT WARNING * * *
You closely miss the wight.
The wight is heavily damaged.
The wight hits you with a +3 long sword!
* * * LOW HITPOINT WARNING * * *
The wight hits you with a +3 long sword!
You die...
Your body crumbles into a pile of gold.

######## #......#
#.####.# ## #.# #.# #.
#.# #.# #.#z##.####.#
#...@$....#.#
##########.#.#######
#>.....)............
#..#...#.###.########
###........)#<.........
#..........)...........
#.#.......#)#..########
#.#....##.#.#.......# #
#.#..####.#.#####.#.# #


You could see a wight.

Vanquished Creatures
  Pikel (D:5)
  Sigmund (D:5)
  3 yaks
  Edmund (D:4)
  2 ice beasts
  A sky beast (D:7)
  2 ogres
  A centaur (D:8)
  A phantom (D:4)
  7 kobold brigands
  Blork the orc (D:4)
  3 bullfrogs
  6 scorpions
  2 necrophages
  5 wights
  An orc priest (D:4)
  3 hounds
  Crazy Yiuf (D:3)
  5 iguanas
  Terence (D:3)
  Natasha (thrice) (D:4)
  2 orc wizards
  Robin (D:3)
  3 river rats
  9 adders
  4 gnolls (D:7)
  5 white imps
  4 worms
  3 dart slugs (D:1)
  21 orcs
  9 ball pythons
  5 bats
  20 endoplasms
  A giant cockroach (D:4)
  15 goblins
  16 hobgoblins
  3 jackals (D:3)
  4 quokkas
  3 frilled lizards
  22 kobolds
  8 rats
209 creatures vanquished.

Vanquished Creatures (collateral kills)
  3 endoplasms
  A giant cockroach (D:4)
  A jackal (D:3)
  A frilled lizard (D:1)
  2 rats
8 creatures vanquished.

Vanquished Creatures (others)
  A human (D:3)
1 creature vanquished.

Grand Total: 218 creatures vanquished

Notes
Turn   | Place    | Note
-------+----------+-------------------------------------------
     0 | D:1      | bonscott the Deep Elf Necromancer began the quest for the
                  | Orb.
     0 | D:1      | Reached XP level 1. HP: 10/10 MP: 6/6
   110 | D:1      | Reached skill level 5 in Necromancy
   113 | D:1      | Reached XP level 2. HP: 12/15 MP: 1/8
   918 | D:1      | Reached XP level 3. HP: 19/19 MP: 8/11
   922 | D:1      | Learned a level 3 spell: Vampiric Draining
  1019 | D:2      | Found a hazy altar of Hepliaklqana.
  1182 | D:2      | Reached skill level 5 in Spellcasting
  1542 | D:2      | Found a faded altar of an unknown god.
  2195 | D:2      | Reached skill level 1 in Armour
  2195 | D:2      | Reached XP level 4. HP: 19/24 MP: 9/13
  2389 | D:3      | Noticed Robin
  2798 | D:3      | Killed Robin
  2896 | D:3      | Noticed Terence
  2904 | D:3      | Killed Terence
  2905 | D:3      | Reached XP level 5. HP: 28/28 MP: 6/15
  3037 | D:3      | Found Kiuxuud's Antique Armour Boutique.
  3189 | D:3      | Identified the +5 glaive "Bybloam" {vamp, rC+ Str+2 Dex+6}
  3216 | D:3      | Found an ancient bone altar of Kikubaaqudgha.
  3238 | D:3      | Identified the +2 dagger of the Unspeakable One {vamp,
                  | rElec}
  3252 | D:3      | Noticed a human
  3253 | D:3      | Killed a human
  3394 | D:3      | Found a runed translucent door.
  3395 | D:3      | Noticed Crazy Yiuf
  3403 | D:3      | Killed Crazy Yiuf
  3706 | D:4      | Noticed Edmund
  3716 | D:4      | Killed Edmund
  3717 | D:4      | Reached XP level 6. HP: 28/32 MP: 1/17
  3833 | D:4      | Noticed Natasha
  3838 | D:4      | Killed Natasha
  3906 | D:4      | Found a glowing drain.
  3943 | Sewer    | Entered a sewer
  4130 | Sewer    | Reached XP level 7. HP: 35/36 MP: 6/19
  4589 | D:4      | Noticed Natasha
  4594 | D:4      | Killed Natasha
  4708 | D:4      | Noticed Eustachio
  4858 | D:4      | Found Egurumin's Assorted Antiques.
  4928 | D:4      | Noticed Grinder
  4993 | D:4      | Noticed Natasha
  4999 | D:4      | Killed Natasha
  5042 | D:4      | Found a stormy altar of Qazlal.
  5093 | D:4      | Reached XP level 8. HP: 35/41 MP: 22/22
  5160 | D:4      | Found Ibyfri's Weapon Shoppe.
  5187 | D:4      | Noticed Blork the orc
  5265 | D:4      | Killed Blork the orc
  5585 | D:5      | Entered Level 5 of the Dungeon
  5622 | D:5      | Reached skill level 1 in Ranged Weapons
  6042 | D:5      | Noticed Pikel
  6050 | D:5      | Killed Pikel
  6051 | D:5      | Reached skill level 1 in Fighting
  6051 | D:5      | Reached skill level 10 in Spellcasting
  6051 | D:5      | Reached XP level 9. HP: 44/47 MP: 11/25
  6215 | D:5      | Found a staircase to the Ecumenical Temple.
  6256 | Temple   | Entered the Ecumenical Temple
  6394 | Temple   | Became a worshipper of Gozag Ym Sagoz the Greedy
  6458 | D:5      | Reached skill level 5 in Ranged Weapons
  6591 | D:5      | Noticed Sigmund
  6600 | D:5      | Killed Sigmund
  6654 | D:5      | Learned a level 5 spell: Agony
  6962 | D:6      | Reached skill level 1 in Summonings
  6962 | D:6      | Reached skill level 1 in Translocations
  7229 | D:6      | Found an iron altar of Okawaru.
  7304 | D:6      | Found a one-way gate to the infinite horrors of the Abyss.
  7304 | D:6      | Noticed comradetweed's ghost (novice GrFi)
  7312 | D:6      | Found a transporter.
  7316 | D:6      | Found a transporter.
  7328 | D:6      | Noticed a red ugly thing
  8164 | D:7      | Found a white marble altar of Elyvilon.
  8165 | D:7      | Found a radiant altar of Vehumet.
  8166 | D:7      | Found a hazy altar of Hepliaklqana.
  8166 | D:7      | Found a hide-covered altar of Uskayaw.
  8166 | D:7      | Found a sparkling altar of Nemelex Xobeh.
  8168 | D:7      | Found a shadowy altar of Dithmenos.
  8171 | D:7      | Found a blossoming altar of Fedhas.
  8505 | D:7      | Reached skill level 10 in Necromancy
  9159 | D:8      | Reached skill level 1 in Conjurations
  9159 | D:8      | Reached skill level 1 in Earth Magic
  9447 | D:8      | Reached XP level 10. HP: 56/56 MP: 21/26
  9523 | D:8      | Slain by a wight

Illustrated notes

Levels and vault maps discovered:
D:1:      lightli_arrival_quake, layout_rooms, minmay_stone_trees_medium
D:2:      minmay_angry_zag, layout_loops_corners,
          chequers_ecumenical_altar_island, basic_altar,
          kennysheep_generic_room_9
D:3:      layout_rooms, tgw_kikubaaqudgha, serial_shops, shop, st_stairs_4,
          minmay_misc_feat_more_columns, minivault_24, uniq_terence, uniq_robin,
          uniq_crazy_yiuf_cottage
D:4:      layout_loops_ring, nicolae_qazlal_scattered_showers,
          portal_sewer_entry_b, serial_shops, nicolae_square_shop,
          kennysheep_small_circle, uniq_eustachio, uniq_edmund,
          uniq_blork_the_orc, uniq_grinder, uniq_natasha
D:5:      layout_basic, minmay_temple_entry_glass, uniq_pikel, uniq_sigmund
D:6:      layout_rooms, okawaru_gym_becter, gammafunk_ghost_abyssal_escape
D:7:      layout_basic, minitemple
D:8:      layout_basic, interstate_on_off
Temple:   pf_slime_end_temple

Skill      XL: |  1  2  3  4  5  6  7  8  9 |
---------------+----------------------------+-----
Necromancy     | 5 6 7 9 10 | 10.0
Spellcasting   | 4 5 6 7 8 10 | 10.8
Armour         | 1 2 3 4 |  4.7
Ranged Weapons | 4 6 |  6.1
Fighting       | 1 3 |  3.0
Summonings     | 2 |  2.6
Translocations | 2 |  2.1
Conjurations   | 1 |  1.7
Earth Magic    | 1 |  1.7
Dodging        | |  2.4
Stealth        | |  2.4

Action                   |  1- 3 |  4- 6 |  7- 9 | 10-12 || total
-------------------------+-------+-------+-------+-------++-------
Melee: Glaive            |       |    10 |   201 |    23 ||   234
 Fire: Sling             |     3 |    22 |   113 |       ||   138
Throw: Dart              |       |       |     4 |       ||     4
 Cast: Necrotise         |    86 |    89 |    90 |       ||   265
       Vampiric Draining |       |    12 |    47 |       ||    59
Evoke: Wand              |       |       |     2 |       ||     2
  Use: Scroll            |     3 |     3 |     5 |       ||    11
 Stab: Sleeping          |       |       |     8 |     3 ||    11
       Distracted        |       |       |     4 |       ||     4
Armor: Robe              |     4 |    10 |    11 |       ||    25
       Leather armour    |       |       |    81 |    10 ||    91
Dodge: Dodged            |     7 |    63 |   225 |    18 ||   313
